AoeStats
← Masturbinho_69

Arabia

510360157Analyzed
2v2 RM · 1d ago on Sep 30, 2026· 45m 34s· 4 players
Game mode
Random Map
Map size
Medium (4 player)
Population
200
Speed
Normal
Resources
Standard
Victory
Conquest
Starting age
Dark Age
Ending age
Imperial Age
RankedLock teamsTeams togetherTeam positionsShared explorationLock speedFull tech treeHidden civsTurbo modeCheats
Victory
Defeat
🇩🇪 Saxons · Germany
952
+14
🇩🇪 Varangians · Germany
950
+15
🇩🇪 Bulgarians · Germany
922
-15
🇩🇪 Maya · Germany
917
-14
maurice.scheppeit
11:09 Feudal Age
9:24 Loom
18:39 Castle Age
17:49 Double-Bit Axe
18:33 Horse Collar
19:17 Forging
21:02 Gold Mining
25:02 Scale Barding Armor
25:35 Bloodlines
29:26 Wheelbarrow
30:53 Heavy Plow
32:34 Iron Casting
32:20 Chain Barding Armor
32:05 Husbandry
33:11 Bow Saw
33:36 Stone Mining
36:18 Hand Cart
37:50 Stone Shaft Mining
42:20 Imperial Age
41:04 Murder Holes
42:37 Cavalier
44:21 Blast Furnace
43:57 Plate Barding Armor
43:45 Conscription
42:47 Vendel Legacy
45:34 Gothikon
Maxiness
10:12 Feudal Age
8:28 Loom
15:08 Castle Age
14:31 Double-Bit Axe
24:01 Padded Archer Armor
25:44 Leather Archer Armor
25:20 Fletching
25:21 Elite Skirmisher
26:38 Bow Saw
28:26 Horse Collar
29:12 Thumb Ring
31:50 Wheelbarrow
31:59 Scale Mail Armor
31:57 Gold Mining
31:59 Stone Mining
33:32 Chain Mail Armor
33:15 Bodkin Arrow
33:35 Squires
34:40 Hand Cart
34:16 Town Watch
38:31 Imperial Age
36:51 Forging
37:37 Gold Shaft Mining
37:48 Gambesons
37:49 Arson
38:54 Elite Hearth Troop
39:57 Conscription
40:32 Plate Mail Armor
40:38 Iron Casting
40:05 Heavy Plow
39:34 Heavy Mounted Crossbowman
39:35 Cranequins
40:19 Bracer
41:22 Ring Archer Armor
44:03 Chemistry
43:24 Ballistics
43:17 Masonry
45:32 Murder Holes
Masturbinho_69
8:03 Loom
10:27 Feudal Age
11:13 Double-Bit Axe
14:15 Horse Collar
15:08 Arson
21:24 Bloodlines
25:07 Castle Age
23:29 Fletching
23:57 Stone Mining
24:56 Forging
25:47 Wheelbarrow
26:03 Pikeman
27:20 Bodkin Arrow
31:18 Ballistics
32:53 Bow Saw
33:21 Scale Barding Armor
33:17 Padded Archer Armor
34:21 Thumb Ring
35:32 Gambesons
36:32 Squires
37:23 Iron Casting
36:49 Scale Mail Armor
39:07 Heavy Plow
39:43 Chain Barding Armor
39:54 Chain Mail Armor
40:44 Hand Cart
43:19 Imperial Age
41:45 Stirrups
42:07 Husbandry
43:37 Elite Konnik
Miklós Zrínyi VII.
12:55 Feudal Age
16:30 Double-Bit Axe
18:47 Padded Archer Armor
22:26 Horse Collar
26:26 Castle Age
26:11 Fletching
26:23 Scale Mail Armor
27:52 Wheelbarrow
26:53 Pikeman
27:33 Squires
28:35 Elite Skirmisher
29:21 Thumb Ring
35:19 Crossbowman
38:04 Man-at-Arms
38:16 Eagle Warrior
38:23 Man-at-Arms
42:03 Long Swordsman
Connection lost

Rejoining the realm…

Still unreachable

The connection could not be restored.

Session expired

The server has moved on; the page needs a fresh start.